 Dungeon Crawl Stone Soup version 0.21.1-1-g345015f (webtiles) character file.

39 Monsterracer the Magician (level 3, 0/19 HPs)
             Began as a Deep Elf Wizard on May 8, 2018.
             Killed from afar by a dart slug (4 damage)
             ... with a slug dart
             ... on level 2 of the Dungeon.
             The game lasted 00:01:25 (1336 turns).

Monsterracer the Magician (Deep Elf Wizard)         Turns: 1336, Time: 00:01:26

Health: 0/19       AC:  3    Str:  4    XL:     3   Next: 28%
Magic:  0/10       EV: 13    Int: 23    God:
Gold:   17         SH:  0    Dex: 13    Spells: 1/10 levels left

rFire    . . .     SeeInvis .   m - +2 spear (pierce)
rCold    . . .     Gourm    .   (no shield)
rNeg     . . .     Faith    .   a - +0 robe
rPois    .         Spirit   .   i - +0 helmet
rElec    .         Reflect  .   (no cloak)
rCorr    .         Harm     .   (no gloves)
MR       .....                  (no boots)
Stlth    ++........             (no amulet)
HPRegen  0.06/turn              (no ring)
MPRegen  0.12/turn              (no ring)

@: very slightly contaminated
A: no striking features
a: no special abilities


You were on level 2 of the Dungeon.
You were not hungry.

You visited 1 branch of the dungeon, and saw 2 of its levels.

You collected 17 gold pieces.

Inventory:

Hand Weapons
 m - a +2 spear of piercing (weapon)
Missiles
 h - 2 throwing nets (quivered)
Armour
 a - a +0 robe (worn)
 i - a +0 helmet (worn)
Scrolls
 b - a scroll of magic mapping {unknown}
 f - a scroll of enchant armour {unknown}
 g - a scroll of fear {unknown}
 j - a scroll of identify {unknown}
Potions
 e - a potion of mutation {unknown}
 k - 2 potions of ambrosia {unknown}
 l - a potion of degeneration {unknown}
Comestibles
 c - 3 rations


   Skills:
 - Level 2.4 Dodging
 - Level 2.4 Stealth
 - Level 4.4 Spellcasting
 * Level 3.5 Conjurations
   Level 1.1 Summonings
 - Level 1.1 Translocations
 + Level 0.2 Fire Magic


You had one spell level left.
You knew the following spells:

 Your Spells              Type           Power        Failure   Level  Hunger
a - Magic Dart            Conj           ###.         2%          1    None
b - Conjure Flame         Conj/Fire      ##......     14%         3    ##.....
c - Mephitic Cloud        Conj/Pois/Air  ##......     19%         3    ##.....
e - Blink                 Tloc           N/A          10%         2    None


Dungeon Overview and Level Annotations

Branches:
Dungeon (2/15)

Altars:


Message History

The magic dart hits the jackal.
The jackal bites you but does no damage.
You now have 1/10 mp.
Unknown command.
Casting: Magic Dart
Confirm with . or Enter, or press ? or * to list all spells.
Aiming: Magic Dart
Press: ? - help, Shift-Dir - straight line, f/p - jackal
Aim: a jackal You miscast Magic Dart.
The air around you crackles with energy!
The jackal bites you.
You take 1 damage, and have 14/19 hp.
You now have 0/10 mp.
Casting: Magic Dart
Confirm with . or Enter, or press ? or * to list all spells.
You don't have enough magic to cast that spell.
Unknown command.
Casting: Magic Dart
Confirm with . or Enter, or press ? or * to list all spells.
You don't have enough magic to cast that spell.
Unknown command.
Unknown command.
You hit the jackal.
The jackal is almost dead.
The jackal barely misses you. The jackal closely misses you.
You hit the jackal but do no damage.
The jackal is almost dead.
The jackal bites you.
You barely miss the jackal.
The jackal is almost dead.
The jackal misses you.
The jackal bites you but does no damage.
You barely miss the jackal.
The jackal is almost dead.
The jackal bites you but does no damage.
You closely miss the jackal.
The jackal is almost dead.
The jackal misses you. The jackal bites you.
You take 2 damage, and have 12/19 hp.
Casting: Magic Dart
Confirm with . or Enter, or press ? or * to list all spells.
Aiming: Magic Dart
Press: ? - help, Shift-Dir - straight line, f/p - jackal
Aim: a jackal (almost dead)
The magic dart hits the jackal.
You kill the jackal!
You now have 0/10 mp.
You barely miss the jackal. The jackal barely misses you.
The jackal bites you but does no damage.
You miss the jackal. The jackal bites you.
You take 1 damage, and have 11/19 hp.
You barely miss the jackal. The jackal closely misses you.
The jackal barely misses you.
You barely miss the jackal. The jackal misses you.
You barely miss the jackal. The jackal barely misses you. The jackal bites you.
You take 1 damage, and have 10/19 hp.
You closely miss the jackal. The jackal bites you.
* * * LOW HITPOINT WARNING * * *
You take 1 damage, and have 9/19 hp.
Casting: Magic Dart
Confirm with . or Enter, or press ? or * to list all spells.
Aiming: Magic Dart
Press: ? - help, Shift-Dir - straight line, f - jackal
Aim: a jackal The magic dart hits the jackal.
The jackal is lightly wounded.
The jackal bites you.
* * * LOW HITPOINT WARNING * * *
The jackal bites you.
* * * LOW HITPOINT WARNING * * *
You take 3 damage, and have 6/19 hp.
You now have 0/10 mp.
You hit the jackal.
The jackal is almost dead.
The jackal closely misses you.
You closely miss the jackal.
The jackal is almost dead.
The jackal bites you.
* * * LOW HITPOINT WARNING * * *
The jackal misses you.
You take 2 damage, and have 4/19 hp.
You hit the jackal but do no damage.
The jackal is almost dead.
The jackal bites you.
* * * LOW HITPOINT WARNING * * *
You take 1 damage, and have 3/19 hp.
The jackal bites you but does no damage.
All of the chunks of flesh in your inventory have rotted away.
Casting: Magic Dart
Confirm with . or Enter, or press ? or * to list all spells.
Aiming: Magic Dart
Press: ? - help, Shift-Dir - straight line, f/p - jackal
Aim: a jackal (almost dead)
The magic dart hits the jackal.
You kill the jackal!
The dart slug launches a dart at you. The slug dart misses you.
You now have 0/10 mp.
The dart slug launches a dart at you. The slug dart hits you!
You die...

#†# #.#
#.# #.#
#.# #.#
#w#
#######.#
####.##
#.......#
#.....#
#.#######
#####.#
#.# #.#
#.#
#@####.#
#......#
########


You could see a dart slug.

Vanquished Creatures
  3 leopard geckos
  A ball python (D:1)
  A giant cockroach (D:1)
  5 hobgoblins (D:1)
  4 jackals (D:2)
  7 kobolds
  5 bats
  2 frilled lizards
  3 goblins
  2 rats (D:1)
33 creatures vanquished.

Notes
Turn   | Place    | Note
-------+----------+-------------------------------------------
     0 | D:1      | Monsterracer the Deep Elf Wizard began the quest for the Orb.
     0 | D:1      | Reached XP level 1. HP: 10/10 MP: 7/7
   274 | D:1      | Reached XP level 2. HP: 15/15 MP: 7/9
   408 | D:1      | Learned a level 2 spell: Blink
  1159 | D:2      | Reached XP level 3. HP: 19/19 MP: 7/10
  1164 | D:2      | Learned a level 3 spell: Conjure Flame
  1168 | D:2      | Learned a level 3 spell: Mephitic Cloud
  1324 | D:2      | HP: 9/19 [jackal (1)]
  1327 | D:2      | HP: 4/19 [jackal (2)]
  1336 | D:2      | Killed from afar by a dart slug

Skill      XL: |  1  2 |
---------------+-------+-----
Conjurations   | 2 3 |  3.5
Dodging        | |  2.4
Stealth        | |  2.4
Spellcasting   | |  4.4
Summonings     | |  1.1
Translocations | |  1.1
Fire Magic     | |  0.2

Action                   || total
-------------------------++-------
Melee: Unarmed           ||     3
       Spear             ||    14
 Cast: Magic Dart        ||    63
  Eat: Chunk             ||     1
Armor: Robe              ||     9
Dodge: Dodged            ||    25

Vault maps used:
D:1:      roderic_octagonal_star
D:2:      lemuel_round_altar, grunt_ministairs_1, roderic_serpentine_path,
          minmay_fountain_box
